 Dungeon Crawl Stone Soup version 0.23.2-1-ga50397a (webtiles) character file.

Game seed: 14283294320102454588

7610 doot the Covert (level 10, -4/40 HPs)
             Began as a Felid Enchanter on Apr 22, 2019.
             Was an Elder of Sif Muna.
             Slain by a gargoyle
             ... wielding a +0 mace
              (19 damage)
             ... on level 12 of the Dungeon.
             The game lasted 00:48:27 (17758 turns).

doot the Covert (Felid Enchanter)                  Turns: 17758, Time: 00:48:28

Health: -4/40      AC:  5    Str:  7    XL:     10   Next: 98%
Magic:  13/24      EV: 20    Int: 18    God:    Sif Muna [****..]
Gold:   1013       SH:  0    Dex: 16    Spells: 8/27 levels left
                                        Lives:  0   Deaths: 3

rFire    . . .     SeeInvis +     - Unarmed
rCold    . . .     Gourm    .   (shield unavailable)
rNeg     . . .     Faith    .   (armour unavailable)
rPois    .         Spirit   .   (helmet unavailable)
rElec    .         Reflect  .   (cloak unavailable)
rCorr    .         Harm     .   (gloves unavailable)
MR       +....     Clarity  +   (boots unavailable)
Stlth    ++++++....             (no amulet)
HPRegen  0.13/turn              x - ring of wizardry
MPRegen  0.19/turn              E - +3 ring of protection

@: quick
A: very small, no armour, no weapons or thrown items, stealth, claws 1, fangs 3,
see invisible, carnivore, clarity, speed 1, sense surroundings 1, shaggy fur 2,
slow metabolism 1, sharp paws
a: Divine Energy, Channel Magic, Forget Spell, Renounce Religion


You were on level 12 of the Dungeon.
You worshipped Sif Muna.
Sif Muna was greatly pleased with you.
You were not hungry.

You visited 2 branches of the dungeon, and saw 14 of its levels.
You also visited: Bailey.

You collected 1013 gold pieces.

Inventory:

Jewellery
 f - an uncursed ring of resist corrosion
 o - a +2 ring of intelligence
 w - an uncursed ring of ice
 x - a ring of wizardry (left paw)
 E - a +3 ring of protection (right paw)
Wands
 r - a wand of flame (26)
 u - a wand of paralysis (8)
 v - a wand of digging (15)
 A - a wand of acid (10)
 C - a wand of random effects (14)
 F - a wand of iceblast (8)
Scrolls
 c - 2 scrolls of fog
 d - a scroll of fear {unknown}
 e - 6 scrolls of identify
 h - 5 scrolls of magic mapping
 i - 2 scrolls of remove curse
 k - 2 scrolls of amnesia {unknown}
 n - 2 scrolls of teleportation
 s - 4 scrolls of enchant weapon
 t - 2 scrolls of blinking
 y - 2 scrolls of vulnerability
 z - a scroll of random uselessness {unknown}
 B - a scroll of immolation {unknown}
Potions
 a - 5 potions of curing
 g - a potion of heal wounds
 j - a potion of degeneration {unknown}
 l - a potion of mutation
 m - a potion of might
 p - 2 potions of cancellation
 q - 2 potions of lignification
Miscellaneous
 D - a sack of spiders
Comestibles
 b - 25 rations


   Skills:
 + Level 2.3 Fighting
 + Level 5.0 Dodging
 + Level 14.9 Stealth
 + Level 8.2 Unarmed Combat
 + Level 9.3 Spellcasting
 + Level 0.3 Conjurations
 + Level 13.2 Hexes
 + Level 0.2 Fire Magic
 + Level 4.4 Ice Magic
 + Level 0.1 Poison Magic


You had 8 spell levels left.
You knew the following spells:

 Your Spells              Type           Power        Failure   Level  Hunger
a - Corona                Hex            ######.      1%          1    None
b - Ensorcelled Hibernat  Hex/Ice        #####.       1%          2    None
c - Confuse               Hex            ######..     1%          3    None
d - Tukima's Dance        Hex            ######..     1%          3    None
e - Dazzling Spray        Conj/Hex       ####..       1%          3    None
f - Conjure Flame         Conj/Fire      #.......     9%          3    None
g - Olgreb's Toxic Radia  Pois           #.......     32%         4    ###....

Your spell library contained the following spells:

 Spells                   Type           Power        Failure   Level  Hunger
 Inner Flame              Hex/Fire       ####....     1%          3    None
 Flame Tongue             Conj/Fire      #....        3%          1    None
 Sting                    Conj/Pois      #...         3%          1    None
 Throw Flame              Conj/Fire      #.....       4%          2    None
 Poisonous Vapours        Pois/Air       #.....       5%          2    None
 Mephitic Cloud           Conj/Pois/Air  #.......     10%         3    None
 Sticky Flame             Conj/Fire      #.......     28%         4    ###....
 Fireball                 Conj/Fire      #.........   61%         5    #####..
 Venom Bolt               Conj/Pois      #.........   61%         5    #####..


Dungeon Overview and Level Annotations

Branches:
Dungeon (13/15)            Temple (1/1) D:6            Lair (0/6) D:11
    Orc (0/2) D:10
 Vaults: D:13-14

Altars:
Ashenzari
Cheibriados
Dithmenos
Elyvilon
Fedhas
Gozag
Hepliaklqana
Kikubaaqudgha
Makhleb
Nemelex Xobeh
Okawaru
Qazlal
Ru
Sif Muna
Trog
Uskayaw
Vehumet
Wu Jian
Xom
Yredelemnul
Zin
The Shining One

Shops:
D:4 *   D:9 (   D:10 %

Annotations:
D:10 3 runed translucent doors, Flogoulo's ghost, journeyman FoFi
D:13 Erolcha


Innate Abilities, Weirdness & Mutations

You cannot wear armour.
You are incapable of wielding weapons or throwing items.
Your paws allow you to move quietly. (Stealth)
You have sharp claws.
You have razor-sharp teeth.
You have supernaturally acute eyesight. (SInv)
You are carnivorous and can eat meat at any time.
You cover ground quickly.
You are covered in thick fur. (AC +2)
You have a slow metabolism.
Your sharp claws are effective at attacking unaware monsters.
You possess an exceptional clarity of mind.
You passively map a small area around you.


Message History

Aiming: Confuse (safe; 1% risk of failure)
Press: ? - help, Shift-Dir - straight line, f - gargoyle, p - gargoyle
Aim: a gargoyle, wielding a +0 mace (moderately damaged, chance to defeat MR: 58%)
The gargoyle appears confused.
You scratch the gargoyle but do no damage.
The gargoyle is moderately damaged.
You scratch the gargoyle but do no damage.
The gargoyle is moderately damaged.
The gargoyle hits you with a +0 mace!
You barely miss the gargoyle.
The gargoyle is moderately damaged.
You scratch the gargoyle but do no damage.
The gargoyle is moderately damaged.
The gargoyle hits you with a +0 mace!
You pounce on the helpless gargoyle from behind!
You mangle the gargoyle!!
You destroy the gargoyle!
Sif Muna accepts your kill. The gargoyle hits you with a +0 mace!!
You die...

.# #...# #..## .#
#####.# ##...## .#
#.....###.....##
.#
#.######.......#
.# #.# ##.....##
.# #.# ##.[.## .#
#.# #..##
.######.# #.##
........########@#
##.............9.#
#.###.##).#######
### #####.# * #.#
#)# ## #####9#####
.# #.#.#9#.#.# ##
##.......9.##


You could see a gargoyle (confused).

Vanquished Creatures
  A centaur warrior (D:13)
  A two-headed ogre (D:11)
  Sonja (D:13)
  An unseen horror (D:12)
  A lindwurm (shapeshifter) (D:13)
  A cyclops (D:12)
  2 oklob plants (D:11)
  Joseph (D:8)
  3 centaur zombies
  2 centaur skeletons
  3 gargoyles (D:12)
  2 kobold demonologists (D:11)
  6 trolls
  A hornet (D:10)
  2 hippogriffs
  Sigmund (D:2)
  A wraith (D:12)
  A shadow (D:13)
  A yak (D:11)
  Eustachio (D:5)
  A human (D:8)
  4 hogs (D:8)
  A steam dragon (D:12)
  A hungry ghost (D:6)
  Menkaure (D:7)
  A soldier ant (D:13)
  An acid dragon (D:12)
  2 water moccasins
  2 black bears
  2 sky beasts
  An ice beast (D:7)
  7 orc warriors
  3 phantoms
  7 centaurs
  6 ogres
  A big kobold (D:11)
  11 bullfrogs
  A wyvern zombie (D:13)
  A wyvern skeleton (D:13)
  3 scorpions
  6 killer bees
  6 wights
  An electric eel (D:13)
  3 howler monkeys
  4 crimson imps
  3 hounds
  4 orc priests
  2 bullfrog skeletons
  8 orc wizards
  Crazy Yiuf (D:2)
  4 iguanas
  8 worker ants
  7 gnolls (D:2)
  15 adders
  8 shadow imps
  2 oozes
  An adder skeleton (D:5)
  4 worms
  A dart slug (D:2)
  3 leopard geckos
  60 orcs
  4 bats
  3 giant cockroaches (D:1)
  8 goblins
  8 hobgoblins
  6 jackals
  5 quokkas
  3 ball pythons
  2 frilled lizards
  A jackal zombie (D:6)
  10 kobolds
  2 leopard gecko skeletons
  20 rats
313 creatures vanquished.

Vanquished Creatures (collateral kills)
  2 gargoyles (D:12)
  An orc warrior (D:12)
  A wight (D:6)
  A crimson imp (D:13)
  2 orc wizards
  A gnoll (D:2)
  25 orcs
33 creatures vanquished.

Vanquished Creatures (others)
  7 dancing weapons
  A plant (D:10)
8 creatures vanquished.

Grand Total: 354 creatures vanquished

Notes
Turn   | Place    | Note
-------+----------+-------------------------------------------
     0 | D:1      | doot the Felid Enchanter began the quest for the Orb.
     0 | D:1      | Reached XP level 1. HP: 7/7 MP: 4/4
   227 | D:1      | Reached XP level 2. HP: 5/11 MP: 4/6
   231 | D:1      | Learned a level 2 spell: Ensorcelled Hibernation
  1028 | D:1      | Reached XP level 3. HP: 14/14 MP: 7/7
  1125 | D:1      | Learned a level 3 spell: Confuse
  1142 | D:1      | Reached skill level 5 in Hexes
  1941 | D:3      | Reached skill level 5 in Stealth
  1941 | D:3      | Reached XP level 4. HP: 18/18 MP: 8/8
  2290 | D:4      | Found an opulent altar of Gozag.
  2294 | D:4      | Found Gozag's Platinum Reserve.
  2803 | D:4      | Reached XP level 5. HP: 20/21 MP: 5/10
  3080 | D:3      | Reached skill level 6 in Stealth
  3395 | D:4      | Learned a level 3 spell: Tukima's Dance
  3578 | D:4      | Noticed a phantom
  3914 | D:4      | Killed a phantom
  3914 | D:4      | Gained mutation: You are covered in thick fur. (AC +2)
                  | [Felid growth]
  3914 | D:4      | Reached XP level 6. HP: 24/24 MP: 8/12
  4095 | D:5      | Entered Level 5 of the Dungeon
  4147 | D:5      | Noticed Eustachio
  4157 | D:5      | Killed Eustachio
  4157 | D:5      | Reached skill level 1 in Ice Magic
  4157 | D:5      | Reached XP level 7. HP: 27/27 MP: 7/14
  4209 | D:5      | Learned a level 3 spell: Dazzling Spray
  4240 | D:5      | Reached skill level 7 in Stealth
  4281 | D:5      | Found an ornate altar of the Wu Jian Council.
  4370 | D:5      | Found a blossoming altar of Fedhas.
  4370 | D:5      | Found an opulent altar of Gozag.
  4445 | D:5      | Found a radiant altar of Vehumet.
  4816 | D:6      | Found a staircase to the Ecumenical Temple.
  4827 | Temple   | Entered the Ecumenical Temple
  4921 | Temple   | Became a worshipper of Sif Muna the Loreminder
  5096 | D:6      | Reached skill level 8 in Stealth
  5096 | D:6      | Reached XP level 8. HP: 31/31 MP: 15/15
  6199 | D:2      | Found a runed translucent door.
  6200 | D:2      | Noticed Crazy Yiuf
  6284 | D:2      | Noticed Sigmund
  6297 | D:2      | Killed Sigmund
  6762 | D:2      | Killed Crazy Yiuf
  6762 | D:2      | Reached skill level 9 in Stealth
  7617 | D:5      | Reached skill level 5 in Spellcasting
  8352 | D:6      | Reached skill level 1 in Fighting
  8529 | D:6      | Reached skill level 5 in Unarmed Combat
  8954 | D:6      | Reached XP level 9. HP: 35/35 MP: 14/18
  9191 | D:6      | Reached skill level 10 in Stealth
  9352 | D:7      | Gained mutation: You passively map a small area around you.
                  | [potion of mutation]
  9352 | D:7      | Gained mutation: You possess an exceptional clarity of
                  | mind. [potion of mutation]
  9382 | D:7      | Reached * piety under Sif Muna
  9801 | D:7      | Noticed Menkaure
  9902 | D:7      | Killed Menkaure
 10297 | D:8      | Noticed Joseph
 10307 | D:8      | Slain by Joseph
 10308 | D:8      | Reached XP level 8. HP: 0/32 MP: 11/18
 10321 | D:8      | Killed Joseph
 10321 | D:8      | Reached skill level 11 in Stealth
 10368 | D:8      | Found a flagged portal.
 10404 | Bailey   | Entered a bailey
 10846 | D:8      | Reached XP level 9. HP: 35/35 MP: 14/19
 10921 | D:8      | Reached ** piety under Sif Muna
 11338 | D:8      | Reached skill level 10 in Hexes
 11706 | D:8      | Found a shimmering altar of Xom.
 11707 | D:8      | Found a sparkling altar of Nemelex Xobeh.
 11991 | D:9      | Found Iticekh's Antique Weapon Shoppe.
 12092 | D:9      | Noticed a troll
 12106 | D:9      | Killed a troll
 12116 | D:9      | Found a sacrificial altar of Ru.
 12827 | D:10     | Entered Level 10 of the Dungeon
 13147 | D:9      | Reached XP level 10. HP: 23/40 MP: 7/21
 13319 | D:10     | Found Lirob's Food Shoppe.
 13644 | D:9      | Reached skill level 12 in Stealth
 13866 | D:10     | Reached *** piety under Sif Muna
 14071 | D:10     | Learned a level 3 spell: Conjure Flame
 14073 | D:10     | Found a staircase to the Orcish Mines.
 14295 | D:10     | Found a runed translucent gate.
 14295 | D:10     | Found a runed translucent gate.
 14295 | D:10     | Noticed Flogoulo's ghost (journeyman FoFi)
 14296 | D:10     | Found a runed translucent gate.
 14296 | D:10     | Noticed a ten-headed hydra
 14563 | D:11     | Noticed an oklob plant
 14563 | D:11     | Noticed an oklob plant
 14739 | D:11     | Found a staircase to the Lair.
 14747 | D:11     | Killed an oklob plant
 14773 | D:11     | Killed an oklob plant
 14800 | D:11     | Noticed a two-headed ogre
 14823 | D:11     | Killed a two-headed ogre
 15110 | D:11     | Reached skill level 13 in Stealth
 15160 | D:11     | Noticed a cyclops
 15180 | D:11     | Reached XP level 11. HP: 41/43 MP: 20/23
 15191 | D:11     | Noticed a purple ugly thing
 15199 | D:11     | You fall through a shaft!
 15200 | D:12     | Noticed a war gargoyle
 15879 | D:13     | Noticed a lindwurm
 15882 | D:13     | Killed a lindwurm
 15882 | D:13     | Reached **** piety under Sif Muna
 15919 | D:13     | Learned a level 4 spell: Olgreb's Toxic Radiance
 15941 | D:13     | Noticed Sonja
 15959 | D:13     | Killed Sonja
 16061 | D:13     | Noticed Erolcha
 16179 | D:13     | Noticed a centaur warrior
 16199 | D:13     | Shot with an arrow by a centaur
 16200 | D:13     | Reached XP level 10. HP: -2/40 MP: 20/23
 16226 | D:13     | Shot with an arrow by a centaur warrior
 16227 | D:13     | Reached XP level 9. HP: -3/37 MP: 15/22
 16270 | D:13     | Reached skill level 14 in Stealth
 16531 | D:13     | Killed a centaur warrior
 16531 | D:13     | Reached XP level 10. HP: 30/40 MP: 19/23
 16744 | D:12     | Noticed an unseen horror
 16753 | D:12     | Killed an unseen horror
 16753 | D:12     | Reached skill level 5 in Dodging
 17406 | D:12     | Killed a gargoyle
 17513 | D:12     | Noticed a cyclops
 17517 | D:12     | Killed a cyclops
 17660 | D:12     | Killed a gargoyle
 17723 | D:12     | Killed a gargoyle
 17732 | D:12     | Killed a gargoyle
 17757 | D:12     | Killed a gargoyle
 17758 | D:12     | Slain by a gargoyle

Skill      XL: |  1  2  3  4  5  6  7  8  9 10 11 |
---------------+----------------------------------+-----
Hexes          | 5 6 8 10 13 12 | 13.2
Unarmed Combat | 2 3 4 6 8 7 |  8.2
Stealth        | 5 6 8 11 14 13 | 14.9
Spellcasting   | 3 4 5 6 9 8 |  9.3
Dodging        | 3 4 5 |  5.0
Ice Magic      | 1 3 4 |  4.4
Fighting       | 1 2 |  2.3
Conjurations   | |  0.3
Fire Magic     | |  0.2
Poison Magic   | |  0.1

Action                   |  1- 3 |  4- 6 |  7- 9 | 10-12 || total
-------------------------+-------+-------+-------+-------++-------
Melee: Unarmed           |    93 |    64 |   293 |   224 ||   674
       Bite              |     4 |     3 |    15 |    14 ||    36
       Punch             |       |     2 |     4 |     2 ||     8
 Cast: Corona            |     3 |     2 |     3 |       ||     8
       Ensorcelled Hiber |    14 |    25 |   121 |    67 ||   227
       Confuse           |       |     9 |    31 |    33 ||    73
       Tukima's Dance    |       |       |    26 |    26 ||    52
       Conjure Flame     |       |       |       |     3 ||     3
       Olgreb's Toxic Ra |       |       |       |     2 ||     2
Evoke: Wand              |       |       |     1 |       ||     1
  Use: Potion            |       |     1 |     4 |     1 ||     6
       Scroll            |       |       |    14 |     4 ||    18
 Stab: Sleeping          |    21 |    20 |    80 |    71 ||   192
       Confused          |       |     4 |    18 |    22 ||    44
       Distracted        |       |       |     4 |       ||     4
  Eat: Chunk             |    10 |     7 |    27 |    11 ||    55
Armor: Skin              |     6 |     2 |    18 |     3 ||    29
Dodge: Dodged            |    63 |    39 |   291 |   113 ||   506
